Kings vs Ducks

Created - November 20 2010 at 10:41

Goals
1 2 3 T
Kings 0 1 0 1
Ducks 1 1 1 3
Shots
1 2 3 T
Kings 5 10 10 25
Ducks 2 11 9 22

Period #1

1. Ducks , Andy McDonald 8 (David Clarkson) at 6:54 (PP)

Penalties :
Dustin Byfuglien (ANA) for Hooking (Minor) at 0:03, Sean Bergenheim (LOS) for Hooking (Minor) at 0:03, Henrik Tallinder (ANA) for Slashing (Minor) at 2:45, Craig Adams (LOS) for High sticking (Minor) at 5:54, Darroll Powe (LOS) for Hooking (Minor) at 8:40, Dustin Byfuglien (ANA) for Roughing (Minor) at 9:03, Tom Poti (ANA) for High sticking (Minor) at 16:16

Period #2

2. Ducks , Henrik Tallinder 3 (Bobby Ryan, Jonathan Toews) at 16:05 (PP)
3. Kings , Sean Bergenheim 6 (Bryan Allen, Michael Frolik) at 19:54

Penalties :
Dustin Byfuglien (ANA) for Fighting (Major) at 0:24, Bryan Allen (LOS) for Fighting (Major) at 0:24, Marc-Edouard Vlasic (ANA) for Fighting (Major) at 0:24, Matt Duchene (LOS) for Fighting (Major) at 0:24, Marc-Edouard Vlasic (ANA) for instigated a fight (Game Misconduct) at 0:24, Jonathan Toews (ANA) for Fighting (Major) at 0:24, Sean Bergenheim (LOS) for Fighting (Major) at 0:24, Bobby Ryan (ANA) for Slashing (Minor) at 0:24, Jamie McBain (LOS) for Boarding (Minor) at 0:24, Tom Poti (ANA) for Tripping (Minor) at 0:24, Henrik Tallinder (ANA) for Holding Stick (Minor) at 3:46, Craig Adams (LOS) for Slashing (Minor) at 3:46, Michael Del Zotto (LOS) for Interference (Minor) at 6:21, Dustin Byfuglien (ANA) for Fighting (Major) at 7:56, Bryan Allen (LOS) for Fighting (Major) at 7:56, Jonathan Ericsson (ANA) for Boarding (Minor) at 12:59, Bryan Allen (LOS) for Hooking (Minor) at 15:34

Period #3

4. Ducks , Jonathan Toews 12 (Dustin Byfuglien, Henrik Tallinder) at 14:16

Penalties :
Nick Schultz (ANA) for Roughing (Minor) at 10:11, Sean Bergenheim (LOS) for Boarding (Minor) at 16:18, Michael Del Zotto (LOS) for Holding (Minor) at 16:48

Goalie Stats

Nikolai Khabibulin (LOS), 19 saves from 22 shots - (0.864), L, 3-5-0, 60:00 minutes
Jose Theodore (ANA), 24 saves from 25 shots - (0.960), W, 9-0-0, 60:00 minutes

Players Stats

Kings
Player Name              G  A  P  +/- PIM S  H  SB FO    MP 
------------------------------------------------------------
Aaron Gagnon             0  0  0   0  0   1  1  0  6/13  9  
Bryan Allen              0  1  1   1  12  0  3  1  0/0   18 
Byron Bitz               0  0  0  -1  0   4  1  0  0/0   14 
Chris Chelios            0  0  0   0  0   1  2  0  0/0   11 
Colton Orr               0  0  0   0  0   1  1  0  0/1   8  
Craig Adams              0  0  0   0  4   1  1  0  1/4   17 
Craig Conroy             0  0  0   0  2   3  0  0  6/12  16 
Daniel Winnik            0  0  0   0  0   3  0  0  6/9   22 
Darroll Powe             0  0  0  -1  2   0  3  0  8/16  15 
Ethan Moreau             0  0  0  -1  0   1  0  1  1/1   16 
Jamie McBain             0  0  0   1  2   4  0  0  0/0   22 
Jay Pandolfo             0  0  0  -1  0   2  0  0  1/1   10 
Kent Huskins             0  0  0   0  0   0  0  0  0/0   22 
Matt Duchene             0  0  0   1  5   1  0  0  17/26 18 
Michael Del Zotto        0  0  0   0  4   1  4  0  0/0   21 
Michael Frolik           0  1  1   0  0   0  1  0  0/2   14 
Mike Lundin              0  0  0   0  0   0  1  2  0/0   19 
Sean Bergenheim          1  0  1   1  9   2  3  0  1/2   15 
Ducks
Player Name              G  A  P  +/- PIM S  H  SB FO    MP 
------------------------------------------------------------
Andy McDonald            1  0  1   0  0   3  0  0  11/23 21 
Bobby Ryan               0  1  1   0  2   2  0  0  0/1   20 
Bryan Little             0  0  0   0  0   1  0  0  2/9   17 
David Clarkson           0  1  1   0  0   2  0  1  0/0   18 
David Perron             0  0  0   0  0   1  1  1  1/2   11 
Dominic Moore            0  0  0  -1  0   0  1  0  0/1   15 
Dustin Byfuglien         0  1  1   0  14  0  1  0  4/5   15 
Henrik Tallinder         1  1  2   0  4   1  1  1  0/1   22 
Jakub Voracek            0  0  0   0  0   4  0  0  1/9   14 
Jonathan Ericsson        0  0  0   0  2   0  1  0  0/0   5  
Jonathan Toews           1  1  2   0  5   3  1  1  17/31 20 
Kurtis Foster            0  0  0   0  0   1  0  1  0/0   15 
Manny Malhotra           0  0  0   0  0   1  0  0  2/2   4  
Marc-Edouard Vlasic      0  0  0   0  15  0  0  0  0/0   8  
Nick Schultz             0  0  0   0  2   1  3  0  0/0   22 
Richard Park             0  0  0   0  0   0  1  0  2/3   20 
Rob Scuderi              0  0  0   0  0   1  3  2  0/0   18 
Tom Poti                 0  0  0   1  4   1  0  1  0/0   19 

3 Stars

1 - Jose Theodore (ANA)
2 - Andy McDonald (ANA)
3 - Henrik Tallinder (ANA)

Power Play

Kings - 0 on 7 Attempt(s) - 0.00%
Ducks - 2 on 6 Attempt(s) - 33.33%

Penalty Kill

Kings - 4 on 6 Attempt(s) - 66.67% - Score 0 goal in Penalty Kill
Ducks - 7 on 7 Attempt(s) - 100.00% - Score 0 goal in Penalty Kill

Game Notes

General Fight at 0:24 of 2nd period
Dustin Byfuglien beats up Bryan Allen at 0:24 of 2nd period
Marc-Edouard Vlasic and Matt Duchene fight to a draw at 0:24 of 2nd period
Marc-Edouard Vlasic ejected from game at 0:24 of 2nd period
Jonathan Toews and Sean Bergenheim fight to a draw at 0:24 of 2nd period
Dustin Byfuglien beats up Bryan Allen at 7:56 of 2nd period

Finance

Level 1 -- Attendance: 4257 (65.49%) -- Ticket Income $425,700.00
Level 2 -- Attendance: 3482 (69.64%) -- Ticket Income $208,920.00
Level 3 -- Attendance: 2474 (70.69%) -- Ticket Income $86,590.00
Level 4 -- Attendance: 1174 (100.00%) -- Ticket Income $23,480.00
Luxury Box -- Attendance: 697 (69.70%) -- Ticket Income $139,400.00
Game was played at the Honda Center
Total Attendance: 12084 (70.36%)
Total Ticket Income: $896,572.60
Other Income: $205,206.30
Total Income: $1,101,779.00


Play by Play

Period #1

0:01 of 1st period - Matt Duchene wins face-off versus Jonathan Toews in neutral zone.
0:03 of 1st period - Minor Penalty to Dustin Byfuglien for Hooking.
0:03 of 1st period - Minor Penalty to Sean Bergenheim for Hooking.
0:04 of 1st period - Jonathan Toews wins face-off versus Daniel Winnik in neutral zone.
0:23 of 1st period - Shot by Daniel Winnik.
0:23 of 1st period - Shot Misses the Net.
0:35 of 1st period - Bobby Ryan is hit by Michael Del Zotto.
0:57 of 1st period - Kent Huskins is hit by Richard Park.
2:23 of 1st period - Shot by Jakub Voracek.
2:23 of 1st period - Shot Misses the Net.
2:27 of 1st period - Shot by David Perron.
2:27 of 1st period - Stopped by Nikolai Khabibulin without a rebound.
2:28 of 1st period - Aaron Gagnon wins face-off versus Jakub Voracek in Kings zone.
2:38 of 1st period - Shot by Jay Pandolfo.
2:38 of 1st period - Deflect By Aaron Gagnon.
2:38 of 1st period - Stopped by Jose Theodore without a rebound.
2:39 of 1st period - Daniel Winnik wins face-off versus Andy McDonald in Ducks zone.
2:45 of 1st period - Minor Penalty to Henrik Tallinder for Slashing.
2:46 of 1st period - Darroll Powe wins face-off versus Bryan Little in Ducks zone.
2:46 of 1st period - Darroll Powe is hit by Rob Scuderi.
3:13 of 1st period - Shot by Ethan Moreau.
3:13 of 1st period - Deflect By Daniel Winnik.
3:13 of 1st period - Shot Misses the Net.
4:59 of 1st period - Shot by Craig Conroy.
4:59 of 1st period - Stopped by Jose Theodore with a rebound.
5:01 of 1st period - Shot by Craig Adams.
5:01 of 1st period - Shot Blocked by David Perron.
5:05 of 1st period - Shot by Byron Bitz.
5:05 of 1st period - Shot Blocked by Kurtis Foster.
5:07 of 1st period - Shot by Chris Chelios.
5:07 of 1st period - Shot Blocked by Rob Scuderi.
5:09 of 1st period - Shot by Chris Chelios.
5:09 of 1st period - Stopped by Jose Theodore without a rebound.
5:10 of 1st period - Andy McDonald wins face-off versus Aaron Gagnon in Ducks zone.
5:10 of 1st period - Nick Schultz is hit by Aaron Gagnon and loses puck.
5:54 of 1st period - Minor Penalty to Craig Adams for High sticking.
5:55 of 1st period - Daniel Winnik wins face-off versus Jonathan Toews in Kings zone.
6:03 of 1st period - Off-side.
6:04 of 1st period - Jonathan Toews wins face-off versus Matt Duchene in neutral zone.
6:54 of 1st period - Shot by Andy McDonald.
6:54 of 1st period - Goal by Andy McDonald - Kings : 0 - Ducks : 1.
6:55 of 1st period - Craig Conroy wins face-off versus Bryan Little in neutral zone.
7:19 of 1st period - Shot by Byron Bitz.
7:19 of 1st period - Stopped by Jose Theodore without a rebound.
7:20 of 1st period - Andy McDonald wins face-off versus Aaron Gagnon in Ducks zone.
7:20 of 1st period - Andy McDonald is hit by Colton Orr.
7:35 of 1st period - Colton Orr is hit by Nick Schultz and loses puck.
8:03 of 1st period - Byron Bitz is hit by Nick Schultz and loses puck.
8:20 of 1st period - Shot by Craig Adams.
8:20 of 1st period - Shot Misses the Net.
8:24 of 1st period - Shot by Mike Lundin.
8:24 of 1st period - Shot Misses the Net.
8:40 of 1st period - Minor Penalty to Darroll Powe for Hooking.
8:41 of 1st period - Jonathan Toews wins face-off versus Sean Bergenheim in Kings zone.
9:03 of 1st period - Minor Penalty to Dustin Byfuglien for Roughing.
9:04 of 1st period - Jonathan Toews wins face-off versus Daniel Winnik in Ducks zone.
9:28 of 1st period - Icing by Marc-Edouard Vlasic.
9:29 of 1st period - Matt Duchene wins face-off versus Bobby Ryan in Ducks zone.
10:20 of 1st period - Tom Poti is hit by Craig Adams and loses puck.
10:43 of 1st period - Shot by Bryan Little.
10:43 of 1st period - Shot Blocked by Ethan Moreau.
10:45 of 1st period - Shot by Dominic Moore.
10:45 of 1st period - Shot Misses the Net.
10:55 of 1st period - Henrik Tallinder is hit by Darroll Powe and loses puck.
11:54 of 1st period - Icing by Matt Duchene.
11:55 of 1st period - Jonathan Toews wins face-off versus Matt Duchene in Kings zone.
12:05 of 1st period - Off-side.
12:06 of 1st period - Aaron Gagnon wins face-off versus Andy McDonald in neutral zone.
13:52 of 1st period - Off-side.
13:53 of 1st period - Craig Conroy wins face-off versus David Perron in neutral zone.
14:08 of 1st period - Byron Bitz is hit by Rob Scuderi.
15:18 of 1st period - David Clarkson is hit by Bryan Allen and loses puck.
15:46 of 1st period - Bryan Allen is hit by Jonathan Ericsson and loses puck.
16:06 of 1st period - Jakub Voracek is hit by Bryan Allen and loses puck.
16:16 of 1st period - Minor Penalty to Tom Poti for High sticking.
16:17 of 1st period - Darroll Powe wins face-off versus Jonathan Toews in Ducks zone.
16:41 of 1st period - Off-side.
16:42 of 1st period - Jonathan Toews wins face-off versus Darroll Powe in neutral zone.
17:32 of 1st period - Rob Scuderi is hit by Darroll Powe and loses puck.
17:54 of 1st period - Off-side.
17:55 of 1st period - Matt Duchene wins face-off versus Bryan Little in neutral zone.
18:32 of 1st period - Shot by Craig Adams.
18:32 of 1st period - Shot Misses the Net.
18:34 of 1st period - Shot by Craig Adams.
18:34 of 1st period - Shot Blocked by Jonathan Toews.
18:38 of 1st period - Shot by Byron Bitz.
18:38 of 1st period - Stopped by Jose Theodore without a rebound.
18:39 of 1st period - Jonathan Toews wins face-off versus Matt Duchene in Ducks zone.
18:39 of 1st period - Marc-Edouard Vlasic is hit by Michael Frolik and loses puck.
19:04 of 1st period - Shot by Jonathan Toews.
19:04 of 1st period - Deflect By Bobby Ryan.
19:04 of 1st period - Shot Misses the Net.
19:07 of 1st period - Icing by Bryan Allen.
19:08 of 1st period - Matt Duchene wins face-off versus Andy McDonald in Kings zone.
19:23 of 1st period - Icing by Henrik Tallinder.
19:24 of 1st period - Craig Conroy wins face-off versus Andy McDonald in Ducks zone.
19:51 of 1st period - Shot by Byron Bitz.
19:51 of 1st period - Shot Misses the Net.

Period #2

0:01 of 2nd period - Matt Duchene wins face-off versus Jonathan Toews in neutral zone.
0:24 of 2nd period - Dustin Byfuglien beats up Bryan Allen.
0:24 of 2nd period - Penalty to Dustin Byfuglien for Fighting.
0:24 of 2nd period - Penalty to Bryan Allen for Fighting.
0:24 of 2nd period - Marc-Edouard Vlasic and Matt Duchene fight to a draw.
0:24 of 2nd period - Penalty to Marc-Edouard Vlasic for Fighting.
0:24 of 2nd period - Penalty to Matt Duchene for Fighting.
0:24 of 2nd period - Penalty to Marc-Edouard Vlasic for instigated a fight.
0:24 of 2nd period - Marc-Edouard Vlasic is ejected from game.
0:24 of 2nd period - Jonathan Toews and Sean Bergenheim fight to a draw.
0:24 of 2nd period - Penalty to Jonathan Toews for Fighting.
0:24 of 2nd period - Penalty to Sean Bergenheim for Fighting.
0:24 of 2nd period - Minor Penalty to Bobby Ryan for Slashing.
0:24 of 2nd period - Minor Penalty to Jamie McBain for Boarding.
0:24 of 2nd period - Minor Penalty to Tom Poti for Tripping.
0:25 of 2nd period - Bryan Little wins face-off versus Darroll Powe in Ducks zone.
1:04 of 2nd period - Shot by Kent Huskins.
1:04 of 2nd period - Shot Misses the Net.
1:16 of 2nd period - Shot by Michael Frolik.
1:16 of 2nd period - Shot Misses the Net.
1:25 of 2nd period - Michael Frolik is hit by Rob Scuderi and loses puck.
1:46 of 2nd period - Icing by Mike Lundin.
1:47 of 2nd period - Jay Pandolfo wins face-off versus Bryan Little in Kings zone.
1:47 of 2nd period - Jay Pandolfo is hit by Dominic Moore.
2:09 of 2nd period - Off-side.
2:10 of 2nd period - Andy McDonald wins face-off versus Craig Conroy in neutral zone.
2:36 of 2nd period - Icing by Tom Poti.
2:37 of 2nd period - Richard Park wins face-off versus Craig Adams in Ducks zone.
3:39 of 2nd period - Shot by Jamie McBain.
3:39 of 2nd period - Stopped by Jose Theodore with a rebound.
3:46 of 2nd period - Minor Penalty to Henrik Tallinder for Holding Stick.
3:46 of 2nd period - Minor Penalty to Craig Adams for Slashing.
3:47 of 2nd period - Aaron Gagnon wins face-off versus Andy McDonald in Ducks zone.
4:25 of 2nd period - Shot by Andy McDonald.
4:25 of 2nd period - Stopped by Nikolai Khabibulin without a rebound.
4:26 of 2nd period - Andy McDonald wins face-off versus Craig Conroy in Kings zone.
4:31 of 2nd period - Shot by David Clarkson.
4:31 of 2nd period - Stopped by Nikolai Khabibulin without a rebound.
4:32 of 2nd period - Andy McDonald wins face-off versus Aaron Gagnon in Kings zone.
4:42 of 2nd period - Andy McDonald is hit by Michael Del Zotto and loses puck.
4:45 of 2nd period - Shot by Rob Scuderi.
4:45 of 2nd period - Stopped by Nikolai Khabibulin without a rebound.
4:46 of 2nd period - Manny Malhotra wins face-off versus Michael Frolik in Kings zone.
4:58 of 2nd period - Off-side.
4:59 of 2nd period - Andy McDonald wins face-off versus Michael Frolik in neutral zone.
5:39 of 2nd period - Shot by Matt Duchene.
5:39 of 2nd period - Stopped by Jose Theodore without a rebound.
5:40 of 2nd period - Matt Duchene wins face-off versus Dustin Byfuglien in Ducks zone.
5:41 of 2nd period - Shot by Michael Del Zotto.
5:41 of 2nd period - Stopped by Jose Theodore without a rebound.
5:42 of 2nd period - Dustin Byfuglien wins face-off versus Matt Duchene in Ducks zone.
5:59 of 2nd period - Shot by Byron Bitz.
5:59 of 2nd period - Shot Misses the Net.
6:03 of 2nd period - Shot by Byron Bitz.
6:03 of 2nd period - Stopped by Jose Theodore without a rebound.
6:04 of 2nd period - Jonathan Toews wins face-off versus Matt Duchene in Ducks zone.
6:11 of 2nd period - Shot by Jonathan Toews.
6:11 of 2nd period - Stopped by Nikolai Khabibulin without a rebound.
6:12 of 2nd period - Ethan Moreau wins face-off versus Jakub Voracek in Kings zone.
6:14 of 2nd period - Icing by Daniel Winnik.
6:15 of 2nd period - David Perron wins face-off versus Darroll Powe in Kings zone.
6:21 of 2nd period - Minor Penalty to Michael Del Zotto for Interference.
6:22 of 2nd period - Jonathan Toews wins face-off versus Matt Duchene in Kings zone.
6:25 of 2nd period - Shot by Kurtis Foster.
6:25 of 2nd period - Shot Misses the Net.
6:39 of 2nd period - Shot by Tom Poti.
6:39 of 2nd period - Shot Misses the Net.
7:56 of 2nd period - Dustin Byfuglien beats up Bryan Allen.
7:56 of 2nd period - Penalty to Dustin Byfuglien for Fighting.
7:56 of 2nd period - Penalty to Bryan Allen for Fighting.
7:57 of 2nd period - Matt Duchene wins face-off versus Jonathan Toews in Ducks zone.
8:14 of 2nd period - Matt Duchene is hit by Jonathan Toews and loses puck.
8:21 of 2nd period - Shot by Jonathan Toews.
8:21 of 2nd period - Stopped by Nikolai Khabibulin with a rebound.
8:23 of 2nd period - Shot by Tom Poti.
8:23 of 2nd period - Stopped by Nikolai Khabibulin without a rebound.
8:24 of 2nd period - Aaron Gagnon wins face-off versus Jakub Voracek in Kings zone.
8:30 of 2nd period - Michael Del Zotto is hit by Henrik Tallinder and loses puck.
10:00 of 2nd period - Shot by Daniel Winnik.
10:00 of 2nd period - Shot Misses the Net.
10:02 of 2nd period - Shot by Daniel Winnik.
10:02 of 2nd period - Shot Misses the Net.
10:04 of 2nd period - Shot by Michael Del Zotto.
10:04 of 2nd period - Shot Blocked by Tom Poti.
10:29 of 2nd period - Shot by Byron Bitz.
10:29 of 2nd period - Deflect By Craig Adams.
10:29 of 2nd period - Stopped by Jose Theodore with a rebound.
10:35 of 2nd period - Shot by Byron Bitz.
10:35 of 2nd period - Stopped by Jose Theodore without a rebound.
10:36 of 2nd period - Jonathan Toews wins face-off versus Aaron Gagnon in Ducks zone.
10:38 of 2nd period - Icing by Bobby Ryan.
10:39 of 2nd period - Jonathan Toews wins face-off versus Colton Orr in Ducks zone.
10:58 of 2nd period - Shot by Colton Orr.
10:58 of 2nd period - Stopped by Jose Theodore without a rebound.
10:59 of 2nd period - Sean Bergenheim wins face-off versus Jonathan Toews in Ducks zone.
12:59 of 2nd period - Shot by Jay Pandolfo.
12:59 of 2nd period - Stopped by Jose Theodore without a rebound.
12:59 of 2nd period - Minor Penalty to Jonathan Ericsson for Boarding.
13:00 of 2nd period - Dustin Byfuglien wins face-off versus Matt Duchene in Ducks zone.
14:52 of 2nd period - Icing by Mike Lundin.
14:53 of 2nd period - Darroll Powe wins face-off versus Henrik Tallinder in Kings zone.
15:01 of 2nd period - Shot by Ethan Moreau.
15:01 of 2nd period - Deflect By Byron Bitz.
15:01 of 2nd period - Shot Misses the Net.
15:17 of 2nd period - Shot by Jakub Voracek.
15:17 of 2nd period - Stopped by Nikolai Khabibulin without a rebound.
15:18 of 2nd period - Aaron Gagnon wins face-off versus Jonathan Toews in Kings zone.
15:34 of 2nd period - Minor Penalty to Bryan Allen for Hooking.
15:35 of 2nd period - Daniel Winnik wins face-off versus Andy McDonald in Kings zone.
15:53 of 2nd period - Shot by Richard Park.
15:53 of 2nd period - Shot Misses the Net.
16:01 of 2nd period - Shot by Kurtis Foster.
16:01 of 2nd period - Stopped by Nikolai Khabibulin without a rebound.
16:02 of 2nd period - Jonathan Toews wins face-off versus Matt Duchene in Kings zone.
16:05 of 2nd period - Shot by Henrik Tallinder.
16:05 of 2nd period - Goal by Henrik Tallinder - Kings : 0 - Ducks : 2.
16:06 of 2nd period - Craig Conroy wins face-off versus Jakub Voracek in neutral zone.
16:19 of 2nd period - Shot by Byron Bitz.
16:19 of 2nd period - Shot Misses the Net.
16:33 of 2nd period - Shot by Jakub Voracek.
16:33 of 2nd period - Stopped by Nikolai Khabibulin without a rebound.
16:34 of 2nd period - Matt Duchene wins face-off versus Andy McDonald in Kings zone.
16:54 of 2nd period - Richard Park is hit by Bryan Allen and loses puck.
17:48 of 2nd period - Icing by Jonathan Toews.
17:49 of 2nd period - Craig Conroy wins face-off versus Jonathan Toews in Ducks zone.
18:06 of 2nd period - Shot by Mike Lundin.
18:06 of 2nd period - Shot Blocked by Rob Scuderi.
18:10 of 2nd period - Shot by Mike Lundin.
18:10 of 2nd period - Shot Misses the Net.
18:12 of 2nd period - Shot by Craig Conroy.
18:12 of 2nd period - Stopped by Jose Theodore with a rebound.
18:34 of 2nd period - Jamie McBain is hit by David Perron and loses puck.
18:38 of 2nd period - Icing by Jamie McBain.
18:39 of 2nd period - Bryan Little wins face-off versus Aaron Gagnon in Kings zone.
18:42 of 2nd period - Shot by David Perron.
18:42 of 2nd period - Shot Misses the Net.
18:44 of 2nd period - Shot by Jakub Voracek.
18:44 of 2nd period - Stopped by Nikolai Khabibulin without a rebound.
18:45 of 2nd period - Daniel Winnik wins face-off versus Jakub Voracek in Kings zone.
19:12 of 2nd period - Jakub Voracek is hit by Darroll Powe and loses puck.
19:54 of 2nd period - Shot by Sean Bergenheim.
19:54 of 2nd period - Goal by Sean Bergenheim - Kings : 1 - Ducks : 2.
19:55 of 2nd period - Andy McDonald wins face-off versus Craig Conroy in neutral zone.

Period #3

0:01 of 3rd period - Matt Duchene wins face-off versus Jonathan Toews in neutral zone.
0:21 of 3rd period - Icing by Michael Frolik.
0:22 of 3rd period - Matt Duchene wins face-off versus Bryan Little in Kings zone.
0:33 of 3rd period - Shot by Bryan Little.
0:33 of 3rd period - Stopped by Nikolai Khabibulin without a rebound.
0:34 of 3rd period - Darroll Powe wins face-off versus Andy McDonald in Kings zone.
1:06 of 3rd period - Shot by David Clarkson.
1:06 of 3rd period - Shot Misses the Net.
1:40 of 3rd period - Bobby Ryan is hit by Chris Chelios and loses puck.
2:09 of 3rd period - Jonathan Toews is hit by Chris Chelios and loses puck.
2:26 of 3rd period - Icing by Tom Poti.
2:27 of 3rd period - Jonathan Toews wins face-off versus Aaron Gagnon in Ducks zone.
2:54 of 3rd period - Shot by Jakub Voracek.
2:54 of 3rd period - Stopped by Nikolai Khabibulin without a rebound.
2:55 of 3rd period - Andy McDonald wins face-off versus Darroll Powe in Kings zone.
3:06 of 3rd period - Shot by Kent Huskins.
3:06 of 3rd period - Shot Blocked by Henrik Tallinder.
3:08 of 3rd period - Shot by Darroll Powe.
3:08 of 3rd period - Shot Blocked by David Clarkson.
3:10 of 3rd period - Shot by Daniel Winnik.
3:10 of 3rd period - Stopped by Jose Theodore without a rebound.
3:11 of 3rd period - Jakub Voracek wins face-off versus Matt Duchene in Ducks zone.
3:45 of 3rd period - Shot by Michael Frolik.
3:45 of 3rd period - Deflect By Sean Bergenheim.
3:45 of 3rd period - Stopped by Jose Theodore with a rebound.
4:04 of 3rd period - Icing by Daniel Winnik.
4:05 of 3rd period - Andy McDonald wins face-off versus Darroll Powe in Kings zone.
4:11 of 3rd period - Richard Park is hit by Michael Del Zotto and loses puck.
4:17 of 3rd period - Andy McDonald is hit by Michael Del Zotto and loses puck.
5:15 of 3rd period - Shot by Craig Conroy.
5:15 of 3rd period - Stopped by Jose Theodore with a rebound.
5:18 of 3rd period - Icing by Henrik Tallinder.
5:19 of 3rd period - Matt Duchene wins face-off versus Andy McDonald in Ducks zone.
5:41 of 3rd period - Icing by Rob Scuderi.
5:42 of 3rd period - Aaron Gagnon wins face-off versus Andy McDonald in Ducks zone.
5:57 of 3rd period - Shot by Aaron Gagnon.
5:57 of 3rd period - Shot Misses the Net.
5:59 of 3rd period - Shot by Jay Pandolfo.
5:59 of 3rd period - Shot Hit the Post.
6:01 of 3rd period - Shot by Jamie McBain.
6:01 of 3rd period - Deflect By Jay Pandolfo.
6:01 of 3rd period - Stopped by Jose Theodore without a rebound.
6:02 of 3rd period - Jonathan Toews wins face-off versus Craig Conroy in Ducks zone.
6:21 of 3rd period - Shot by Bobby Ryan.
6:21 of 3rd period - Shot Blocked by Mike Lundin.
6:23 of 3rd period - Shot by Tom Poti.
6:23 of 3rd period - Shot Misses the Net.
6:25 of 3rd period - Shot by Tom Poti.
6:25 of 3rd period - Shot Blocked by Mike Lundin.
6:27 of 3rd period - Shot by Nick Schultz.
6:27 of 3rd period - Stopped by Nikolai Khabibulin without a rebound.
6:28 of 3rd period - Darroll Powe wins face-off versus Jakub Voracek in Kings zone.
6:48 of 3rd period - Off-side.
6:49 of 3rd period - Matt Duchene wins face-off versus Jonathan Toews in neutral zone.
6:52 of 3rd period - Jonathan Toews is hit by Sean Bergenheim.
7:04 of 3rd period - Shot by Matt Duchene.
7:04 of 3rd period - Shot Misses the Net.
7:12 of 3rd period - Shot by Jamie McBain.
7:12 of 3rd period - Stopped by Jose Theodore without a rebound.
7:13 of 3rd period - Craig Conroy wins face-off versus Jakub Voracek in Ducks zone.
7:30 of 3rd period - Shot by Bryan Little.
7:30 of 3rd period - Shot Misses the Net.
7:32 of 3rd period - Shot by Manny Malhotra.
7:32 of 3rd period - Stopped by Nikolai Khabibulin without a rebound.
7:33 of 3rd period - Darroll Powe wins face-off versus Jakub Voracek in Kings zone.
8:02 of 3rd period - Shot by Daniel Winnik.
8:02 of 3rd period - Deflect By Ethan Moreau.
8:02 of 3rd period - Stopped by Jose Theodore without a rebound.
8:03 of 3rd period - Jonathan Toews wins face-off versus Craig Conroy in Ducks zone.
8:03 of 3rd period - Jonathan Toews is hit by Byron Bitz.
8:29 of 3rd period - Shot by Andy McDonald.
8:29 of 3rd period - Stopped by Nikolai Khabibulin with a rebound.
8:50 of 3rd period - Icing by Kurtis Foster.
8:51 of 3rd period - Matt Duchene wins face-off versus Bryan Little in Ducks zone.
9:16 of 3rd period - Richard Park is hit by Sean Bergenheim and loses puck.
9:24 of 3rd period - Michael Frolik is hit by Nick Schultz and loses puck.
9:43 of 3rd period - Henrik Tallinder is hit by Sean Bergenheim and loses puck.
10:08 of 3rd period - Shot by Daniel Winnik.
10:08 of 3rd period - Stopped by Jose Theodore with a rebound.
10:11 of 3rd period - Minor Penalty to Nick Schultz for Roughing.
10:12 of 3rd period - Darroll Powe wins face-off versus Bryan Little in Ducks zone.
10:35 of 3rd period - Shot by Kent Huskins.
10:35 of 3rd period - Shot Hit the Post.
10:37 of 3rd period - Shot by Daniel Winnik.
10:37 of 3rd period - Deflect By Darroll Powe.
10:37 of 3rd period - Shot Misses the Net.
10:41 of 3rd period - Shot by Michael Del Zotto.
10:41 of 3rd period - Shot Misses the Net.
11:11 of 3rd period - Shot by Matt Duchene.
11:11 of 3rd period - Shot Misses the Net.
11:13 of 3rd period - Shot by Jamie McBain.
11:13 of 3rd period - Stopped by Jose Theodore without a rebound.
11:14 of 3rd period - Dustin Byfuglien wins face-off versus Craig Adams in Ducks zone.
12:36 of 3rd period - Shot by Jakub Voracek.
12:36 of 3rd period - Shot Blocked by Bryan Allen.
12:38 of 3rd period - Shot by Jakub Voracek.
12:38 of 3rd period - Shot Misses the Net.
14:16 of 3rd period - Shot by Jonathan Toews.
14:16 of 3rd period - Goal by Jonathan Toews - Kings : 1 - Ducks : 3.
14:17 of 3rd period - Jonathan Toews wins face-off versus Aaron Gagnon in neutral zone.
14:40 of 3rd period - Shot by Jamie McBain.
14:40 of 3rd period - Stopped by Jose Theodore without a rebound.
14:41 of 3rd period - Richard Park wins face-off versus Craig Conroy in Ducks zone.
14:47 of 3rd period - Dominic Moore is hit by Mike Lundin and loses puck.
14:51 of 3rd period - Icing by Craig Adams.
14:52 of 3rd period - Craig Adams wins face-off versus Richard Park in Kings zone.
15:00 of 3rd period - Off-side.
15:01 of 3rd period - Manny Malhotra wins face-off versus Darroll Powe in neutral zone.
15:09 of 3rd period - Off-side.
15:10 of 3rd period - Jonathan Toews wins face-off versus Darroll Powe in neutral zone.
15:14 of 3rd period - Off-side.
15:15 of 3rd period - Darroll Powe wins face-off versus Jonathan Toews in neutral zone.
15:22 of 3rd period - Shot by Daniel Winnik.
15:22 of 3rd period - Deflect By Darroll Powe.
15:22 of 3rd period - Shot Misses the Net.
15:38 of 3rd period - Icing by Nick Schultz.
15:39 of 3rd period - Matt Duchene wins face-off versus Jonathan Toews in Ducks zone.
15:43 of 3rd period - Icing by Nick Schultz.
15:44 of 3rd period - Matt Duchene wins face-off versus Jonathan Toews in Ducks zone.
15:55 of 3rd period - Shot by Michael Frolik.
15:55 of 3rd period - Shot Misses the Net.
16:18 of 3rd period - Minor Penalty to Sean Bergenheim for Boarding.
16:19 of 3rd period - Daniel Winnik wins face-off versus Andy McDonald in Kings zone.
16:28 of 3rd period - Shot by Andy McDonald.
16:28 of 3rd period - Shot Misses the Net.
16:30 of 3rd period - Shot by Andy McDonald.
16:30 of 3rd period - Deflect By Bobby Ryan.
16:30 of 3rd period - Stopped by Nikolai Khabibulin without a rebound.
16:31 of 3rd period - Andy McDonald wins face-off versus Daniel Winnik in Kings zone.
16:48 of 3rd period - Minor Penalty to Michael Del Zotto for Holding.
16:49 of 3rd period - Matt Duchene wins face-off versus Andy McDonald in Kings zone.
17:12 of 3rd period - Jamie McBain is hit by Dustin Byfuglien and loses puck.
17:41 of 3rd period - Shot by David Clarkson.
17:41 of 3rd period - Stopped by Nikolai Khabibulin without a rebound.
17:42 of 3rd period - Dustin Byfuglien wins face-off versus Craig Adams in Kings zone.
17:57 of 3rd period - Shot by Bobby Ryan.
17:57 of 3rd period - Stopped by Nikolai Khabibulin without a rebound.
17:58 of 3rd period - Daniel Winnik wins face-off versus Dominic Moore in Kings zone.
18:12 of 3rd period - Icing by Jonathan Toews.
18:13 of 3rd period - Matt Duchene wins face-off versus Jonathan Toews in Ducks zone.
18:59 of 3rd period - Shot by Daniel Winnik.
18:59 of 3rd period - Stopped by Jose Theodore with a rebound.
19:46 of 3rd period - Icing by Michael Del Zotto.
19:47 of 3rd period - Andy McDonald wins face-off versus Darroll Powe in Kings zone.
19:58 of 3rd period - Shot by Jonathan Toews.
19:58 of 3rd period - Shot Misses the Net.


Output by the SimonT Hockey Simulator (STHS) for Stephane Roy -- Original Page W3C XHTML 1.0 Valid